 Dungeon Crawl Stone Soup version 0.27.1-1-g398f81649c (webtiles) character file.

Game seed: 6059359035376068489

121 ZARRMARR the Insei (level 5, -1/34 HPs)
             Began as an Octopode Transmuter on Sept 7, 2021.
             Killed from afar by Blork the orc (8 damage)
             ... with a puff of frost
             ... on level 4 of the Dungeon.
             The game lasted 00:09:38 (3747 turns).

ZARRMARR the Insei (Octopode Transmuter)            Turns: 3747, Time: 00:09:40

Health: -1/34      AC:  1    Str:  9    XL:     5   Next: 5%
Magic:  9/9        EV: 13    Int: 16    God:
Gold:   1842       SH:  0    Dex: 13    Spells: 8/9 levels left

rFire    . . .     SeeInvis .     - Unarmed
rCold    . . .     Faith    .   (no shield)
rNeg     . . .     Spirit   .   (helmet restricted)
rPois    .         Reflect  .   (no amulet)
rElec    .         Harm     .   (no ring)
rCorr    .         Rampage  .   (no ring)
Will     .....                  (no ring)
Stlth    +++.......             (no ring)
HPRegen  0.11/turn              (no ring)
MPRegen  0.11/turn              (no ring)
                                (no ring)
                                (no ring)

@: no status effects
A: almost no armour, amphibious, 8 rings, camouflage 1, gelatinous body 1,
(nimble swimmer 1), tentacles
a: no special abilities


You were on level 4 of the Dungeon.
You visited 1 branch of the dungeon, and saw 4 of its levels.

You collected 1842 gold pieces.

Inventory:

Missiles
 a - 35 poisoned darts (quivered)
 c - 8 javelins
 j - 2 boomerangs
Scrolls
 e - a scroll of amnesia
 g - a scroll of magic mapping {unknown}
 i - a scroll of blinking {unknown}
 k - a scroll of noise {unknown}
 l - a scroll of enchant armour {unknown}
 m - a scroll of brand weapon {unknown}
Potions
 b - a potion of haste
 d - 2 potions of curing
 f - a potion of berserk rage


   Skills:
 + Level 2.1 Fighting
 + Level 2.8 Dodging
 + Level 2.8 Stealth
 - Level 3.0 Unarmed Combat
 + Level 2.6 Spellcasting
 + Level 2.8 Transmutations


You had 8 spell levels left.
You knew the following spells:

 Your Spells              Type           Power      Damage    Failure   Level
a - Beastly Appendage     Tmut           22%        N/A       6%          1

Your spell library contained the following spells:

 Spells                   Type           Power      Damage    Failure   Level
 Wereblood                Tmut           11%        N/A       10%         2
 Spider Form              Tmut/Pois      3%         N/A       32%         3
 Gell's Gravitas          Tloc           1%         N/A       52%         3
 Inner Flame              Hex/Fire       2%         N/A       52%         3
 Lesser Beckoning         Tloc           1%         N/A       52%         3
 Teleport Other           Tloc           2%         N/A       52%         3
 Ice Form                 Ice/Tmut       6%         N/A       73%         4
 Cause Fear               Hex            1%         N/A       89%         4
 Discord                  Hex            1%         N/A       100%        8


Dungeon Overview and Level Annotations

Branches:
Dungeon (4/15)
 Temple: D:4-7

Altars:
Xom

Annotations:
D:4 Blork the orc


Innate Abilities, Weirdness & Mutations

You cannot wear most types of armour.
You are amphibious.
You can wear up to eight rings at the same time.
Your skin changes colour to match your surroundings (Stealth+).
Your rubbery body absorbs attacks. (AC +1, EV +1)
((You are camouflaged near water. (Stealth+)))
You have tentacles for arms and can constrict up to eight enemies at once.


Message History

You're too confused to move!
Blork the orc closely misses you.
You feel less invigorated.
You feel less confused.
Blork the orc hits you with a +0 war axe!
You tentacle-slap Blork the orc but do no damage.
Your grab misses Blork the orc.
Blork the orc is heavily wounded.
Blork the orc points at you and mumbles some strange words.
The puff of frost misses you.
You completely miss Blork the orc. You grab Blork the orc.
Blork the orc is heavily wounded.
Your tentacle spike disappears.
You constrict Blork the orc.
Blork the orc hits you with a +0 war axe.
You tentacle-slap Blork the orc but do no damage.
Blork the orc is heavily wounded.
You constrict Blork the orc, but do no damage.
Blork the orc completely misses you.
You tentacle-slap Blork the orc but do no damage.
Blork the orc is heavily wounded.
You constrict Blork the orc. Blork the orc misses you.
You tentacle-slap Blork the orc but do no damage.
Blork the orc is severely wounded.
You constrict Blork the orc, but do no damage.
Blork the orc casts a spell.
Blork the orc seems to speed up.
You tentacle-slap Blork the orc.
Blork the orc is severely wounded.
You constrict Blork the orc. Blork the orc misses you.
Blork the orc casts a spell at you. The puff of frost hits you!
* * * LOW HITPOINT WARNING * * *
You tentacle-slap Blork the orc but do no damage.
You squeeze Blork the orc.
Blork the orc is severely wounded.
You constrict Blork the orc.
Blork the orc screams, "I'll eat your brain!
And then I'll vomit it back up!"
Blork the orc casts a spell at you. The puff of frost hits you!
You die...

.....# ...#...
..... #.#
..............
#.#.# #.#
##.#.##.#.#.##
#.#.##### #.#
...# #...
.......(. #.#
...#
#.####........
#.# ...#
###.............
#.# . ....
$..........((...
#.# . .....
...........####
#.# #
..##....@o.######
#.#
#...(........#
#.#
#............#
#.#
#.####.......#
#.# #+ #.......##
#.# ##.......#
#.# +.......# #.#
#.......###.##
................#


You could see Blork the orc (fast).

Vanquished Creatures
  An orc priest (D:3)
  3 adders
  A worm (D:3)
  A dart slug (D:2)
  2 orcs (D:3)
  3 bats
  7 endoplasms
  4 giant cockroaches
  4 hobgoblins
  A jackal (D:2)
  6 kobolds
  2 quokkas (D:3)
  8 ball pythons
  5 frilled lizards
  4 goblins
  6 rats
58 creatures vanquished.

Vanquished Creatures (others)
  5 toadstools (D:1)
5 creatures vanquished.

Grand Total: 63 creatures vanquished

Notes
Turn   | Place    | Note
-------+----------+-------------------------------------------
     0 | D:1      | ZARRMARR the Octopode Transmuter began the quest for the
                  | Orb.
     0 | D:1      | Reached XP level 1. HP: 13/13 MP: 3/3
   263 | D:1      | Reached XP level 2. HP: 11/18 MP: 3/5
   402 | D:1      | Reached skill level 1 in Stealth
   861 | D:1      | Identified a scroll of acquirement
   861 | D:1      | Acquired 876 gold pieces
  1028 | D:2      | Reached XP level 3. HP: 23/23 MP: 4/6
  1272 | D:2      | Found a shimmering altar of Xom.
  1628 | D:2      | Found a faded altar of an unknown god.
  2036 | D:3      | Reached XP level 4. HP: 5/29 MP: 7/7
  3560 | D:4      | Acquired 775 gold pieces
  3606 | D:4      | Reached XP level 5. HP: 23/34 MP: 6/9
  3725 | D:4      | Noticed Blork the orc
  3747 | D:4      | Killed from afar by Blork the orc

Illustrated notes

Levels and vault maps discovered:
D:1:      ldierk_walled_garden, layout_rooms, nrook_campfire
D:2:      minmay_skewed_foursquare, layout_rooms, serial_curves, eino_curves_04,
          eino_curves_01, basic_altar, chequers_ecumenical_altar_lobes,
          hangedman_decor_peaks_small
D:3:      minmay_door_path, layout_basic, minmay_misc_feat_pillars, hex_medium,
          kennysheep_generic_room_14
D:4:      layout_basic, lemuel_another_geyser, uniq_menkaure, uniq_blork_the_orc

Skill      XL: |  1  2  3  4 |
---------------+-------------+-----
Stealth        | 1 2 |  2.8
Fighting       | 2 |  2.1
Dodging        | |  2.8
Unarmed Combat | |  3.0
Spellcasting   | |  2.6
Transmutations | |  2.8

Action                   |  1- 3 |  4- 6 || total
-------------------------+-------+-------++-------
Melee: Unarmed           |    87 |    44 ||   131
       Kick              |    19 |     6 ||    25
       Constrict         |    20 |    14 ||    34
       Tentacles         |     9 |    12 ||    21
       Punch             |     2 |     1 ||     3
Throw: Dart              |     9 |     4 ||    13
 Cast: Beastly Appendage |    30 |    11 ||    41
  Use: Scroll            |     5 |     4 ||     9
       Potion            |       |     1 ||     1
 Stab: Sleeping          |    13 |     4 ||    17
Armor: Skin              |     6 |     2 ||     8
Dodge: Dodged            |    39 |    24 ||    63
